 Dungeon Crawl Stone Soup version 0.27.0-1-g7a089689b8 (webtiles) character file.

Game seed: 13721266520008122971

25 freelancePsychic the Magician (level 3, -1/27 HPs)
             Began as a Djinni Hedge Wizard on Aug 3, 2021.
             Slain by a black bear (3 damage)
             ... on level 2 of the Dungeon.
             The game lasted 00:01:37 (1481 turns).

freelancePsychic the Magician (Djinni Hedge Wizard) Turns: 1481, Time: 00:01:37

Health: -1/27      AC:  2    Str:  9    XL:     3   Next: 17%
Gold:   54         EV: 12    Int: 16    God:
                   SH:  0    Dex: 12

rFire    + + .     SeeInvis .   a - +0 dagger
rCold    x . .     Faith    .   (no shield)
rNeg     . . .     Spirit   .   b - +0 robe
rPois    ∞         Reflect  .   c - +0 hat
rElec    .         Harm     .   (no cloak)
rCorr    .         Rampage  .   (no gloves)
Will     .....                  (boots unavailable)
Stlth    ++........             (no amulet)
HPRegen  0.09/turn              (no ring)
MPRegen  0.00/turn              (no ring)

@: flying
A: sickness immunity, fire resistance 2, cold vulnerability 1, float, innate
caster, hp casting, extra vitality 1
a: no special abilities


You were on level 2 of the Dungeon.
You visited 1 branch of the dungeon, and saw 2 of its levels.

You collected 54 gold pieces.

Inventory:

Hand Weapons
 a - a +0 dagger (weapon)
Armour
 b - a +0 robe (worn)
 c - a +0 hat (worn)
Scrolls
 d - a scroll of torment {unknown}
 e - a scroll of blinking {unknown}
 g - a scroll of enchant weapon {unknown}
 h - a scroll of vulnerability {unknown}
Potions
 f - a potion of might {unknown}


   Skills:
 + Level 1.2 Fighting
 - Level 2.1 Dodging
 - Level 1.5 Stealth
 * Level 3.0 Spellcasting


You couldn't memorise any spells.
You knew the following spells:

 Your Spells              Type           Power      Damage    Failure   Level
a - Sting                 Tmut/Pois      48%        1d5       5%          1
b - Blink                 Tloc           N/A        N/A       9%          2
c - Call Imp              Summ           12%        N/A       9%          2
d - Slow                  Hex            12%        N/A       9%          2
e - Conjure Flame         Conj/Fire      12%        6-21      16%         3
f - Mephitic Cloud        Conj/Pois/Air  12%        N/A       16%         3
g - Magic Dart            Conj           48%        1d5       5%          1
Your spell library was empty.

Dungeon Overview and Level Annotations

Branches:
Dungeon (1/15)

Altars:

Shops:
D:1 (:


Innate Abilities, Weirdness & Mutations

You are immune to sickness and miasma.
You are immune to poison.
Your flesh is very heat resistant. (rF++)
You are vulnerable to cold. (rC-)
You float through the air rather than walking.
You learn spells naturally, not from books.
Your magical power is your life essence.
You have superior vitality. (+4 HP)


Message History

You kill the bat!
HP restored.
You now have 54 gold pieces (gained 9).
You reach down and open the door.
There is an open door here.
You reach down and open the door.
A black bear comes into view.
The black bear growls angrily.
There is an open door here.
The sting misses the black bear.
The sting hits the black bear.
The black bear is poisoned.
The black bear is moderately wounded.
The sting hits the black bear but does no damage.
The black bear looks even sicker.
The black bear is moderately wounded.
The black bear closely misses you. The black bear claws you. x2
The sting hits the black bear.
The black bear looks even sicker.
The black bear is heavily wounded.
The black bear bites you. The black bear claws you.
The black bear barely misses you.
The black bear goes berserk!
There is an open door here.
Casting: Sting (safe; 5% risk of failure)
Confirm with . or Enter, or press ? or * to list all spells.
Aiming: Sting (safe; 5% risk of failure)
Press: ? - help, Shift-Dir - straight line, f/p - black bear
Aim: a black bear (almost dead, berserk, very poisoned, 79% to hit)
The sting hits the black bear but does no damage.
The black bear looks even sicker.
The black bear is almost dead.
The black bear closely misses you. The black bear claws you. x2
* * * LOW HITPOINT WARNING * * *
The black bear barely misses you. The black bear claws you.
* * * LOW HITPOINT WARNING * * *
The black bear closely misses you.
The black bear bites you but does no damage.
The black bear claws you but does no damage.
The black bear closely misses you. The black bear bites you.
You die...

#..##.#........#
##.....###'#####
#..#..# #.# ##.#..#
#.# #....# #[#
######...###.##
.#.............######
......#.#.###.##.h..#
.#.##.#...# #.##@##.#
##.##.##..###.##.##.#
....................#
##.##.#.#.###.#####.#
.. #.#.#.# #.# ##'##
. ....#.. #.# #...#
##...##.##†# #...#
#...# ..#.# #...#
#...# #.#.# ##'##


You could see a black bear (berserk, very poisoned).

Vanquished Creatures
  4 ball pythons (D:1)
  2 bats
  An endoplasm (D:1)
  3 giant cockroaches (D:1)
  A goblin (D:1)
  3 hobgoblins (D:1)
  A frilled lizard (D:1)
  4 kobolds (D:1)
  2 rats (D:1)
21 creatures vanquished.

Vanquished Creatures (others)
  4 plants (D:1)
4 creatures vanquished.

Grand Total: 25 creatures vanquished

Notes
Turn   | Place    | Note
-------+----------+-------------------------------------------
     0 | D:1      | freelancePsychic the Djinni Hedge Wizard began the quest
                  | for the Orb.
     0 | D:1      | Reached XP level 1. HP: 15/15 MP: 0/0
   458 | D:1      | Reached XP level 2. HP: 17/22 MP: 0/0
   799 | D:1      | Reached skill level 1 in Fighting
  1136 | D:1      | Found Luzaxeru's Book Emporium.
  1160 | D:1      | Found Voasufru's Weapon Shop.
  1166 | D:1      | Reached XP level 3. HP: 24/27 MP: 0/0
  1166 | D:1      | Learned a level 1 spell: Sting
  1188 | D:1      | Reached skill level 3 in Spellcasting
  1346 | D:1      | You are sucked into a shaft and drop 1 floor!
  1464 | D:2      | Noticed a black bear
  1477 | D:2      | HP: 1/27 [black bear (5)]
  1481 | D:2      | Slain by a black bear

Illustrated notes

Levels and vault maps discovered:
D:1:      lemuel_arrival_room, layout_rooms, serial_shops, shop_fountains,
          shop_coins, nicolae_lakefront_shop,
          hellmonk_ecumenical_altar_heavens_door, glass_columns_a,
          serial_bayou_lagoon_a
D:2:      layout_basic, minmay_tree_intersection, hangedman_glass_garden

Skill      XL: |  1  2  3 |
---------------+----------+-----
Fighting       | 1 |  1.2
Spellcasting   | 3 |  3.0
Dodging        | |  2.1
Stealth        | |  1.5

Action                   || total
-------------------------++-------
Melee: Dagger            ||     4
 Cast: Magic Dart        ||    51
       Sting             ||    10
Armor: Robe              ||     5
Dodge: Dodged            ||    10
